 Dungeon Crawl Stone Soup version 0.21.1-1-g345015f (webtiles) character file.

19 tidbits the Insei (level 2, -3/23 HPs)
             Began as a Gnoll Transmuter on Feb 26, 2018.
             Slain by an ogre
             ... wielding a +0 giant club
              (19 damage)
             ... on level 4 of the Dungeon.
             The game lasted 00:02:37 (297 turns).

tidbits the Insei (Gnoll Transmuter)                 Turns: 297, Time: 00:02:37

Health: -3/23      AC:  2    Str: 12    XL:     2   Next: 75%
Magic:  4/7        EV: 14    Int: 15    God:
Gold:   91         SH:  0    Dex: 15    Spells: 7/10 levels left

rFire    . . .     SeeInvis .     - Unarmed
rCold    . . .     Gourm    .   (no shield)
rNeg     . . .     Faith    .   b - +0 robe
rPois    .         Spirit   .   (no helmet)
rElec    .         Reflect  .   (no cloak)
rCorr    .         Harm     .   (no gloves)
MR       .....                  (boots currently unavailable)
Stlth    ++........             (no amulet)
HPRegen  0.07/turn              (no ring)
MPRegen  0.10/turn              (no ring)

@: appendage
A: distributed training, fangs 1, talons 3, strong nose
a: End Transformation


You were on level 4 of the Dungeon.
You were not hungry.
You had grown temporary talons.
You visited 1 branch of the dungeon, and saw 4 of its levels.

You collected 91 gold pieces.

Inventory:

Hand Weapons
 l - a +0 broad axe
Missiles
 a - 11 arrows
 i - 3 tomahawks (quivered)
Armour
 b - a +0 robe (worn)
 j - a +0 ring mail
Scrolls
 e - a scroll of fear {unknown}
 f - a scroll of teleportation {unknown}
 g - a scroll of magic mapping {unknown}
 k - a scroll of random uselessness {unknown}
Potions
 h - a potion of curing {unknown}
Books
 c - a book of Changes

   Spells                             Type                      Level
   a - Beastly Appendage              Transmutation                1
   b - Sticks to Snakes               Transmutation                2
   c - Spider Form                    Transmutation/Poison         3
   d - Ice Form                       Ice/Transmutation            4
   e - Blade Hands                    Transmutation                5
Comestibles
 d - 5 rations


   Skills:
 + Level 2.5 Fighting
 + Level 0.5 Short Blades
 + Level 0.5 Long Blades
 + Level 0.5 Axes
 + Level 0.5 Maces & Flails
 + Level 0.5 Polearms
 + Level 0.5 Staves
 + Level 0.5 Slings
 + Level 0.5 Bows
 + Level 0.5 Crossbows
 + Level 0.5 Throwing
 + Level 0.5 Armour
 + Level 4.5 Dodging
 + Level 0.5 Stealth
 + Level 0.5 Shields
 + Level 6.5 Unarmed Combat
 + Level 4.9 Spellcasting
 + Level 0.3 Conjurations
 + Level 0.3 Hexes
 + Level 0.3 Charms
 + Level 0.3 Summonings
 + Level 0.3 Necromancy
 + Level 0.3 Translocations
 + Level 3.7 Transmutations
 + Level 0.3 Fire Magic
 + Level 0.3 Ice Magic
 + Level 0.3 Air Magic
 + Level 0.3 Earth Magic
 + Level 0.3 Poison Magic
 + Level 0.6 Invocations
 + Level 0.5 Evocations


You had 7 spell levels left.
You knew the following spells:

 Your Spells              Type           Power        Failure   Level  Hunger
e - Beastly Appendage     Tmut           ##....       3%          1    None
k - Sticks to Snakes      Tmut           ##......     5%          2    ##.....


Dungeon Overview and Level Annotations

Branches:
Dungeon (4/15)
 Temple: D:4-7

Altars:
Kikubaaqudgha


Innate Abilities, Weirdness & Mutations

Your experience applies equally to all skills.
You have very sharp teeth.
Your uncanny sense of smell can sniff out nearby items.
You have claws for feet.


Message History

The orc is lightly wounded.
You hit the orc.
You kill the orc!
Okay, then.
You see here 2 tomahawks.
i - 2 tomahawks
Items here: )) [[ † a hand axe; a scale mail; a club; a leather armour; an orc corpse
Things that are here:
a club; a tomahawk; a ring mail
Okay, then.
i - 3 tomahawks (gained 1);
j - a ring mail Your transformation is almost over.
Found 9 gold pieces.
Unknown command.
You see here a ring mail.
You see here 9 gold pieces.
You now have 74 gold pieces (gained 9).
Your talons disappear.
A ball python comes into view.
Casting: Beastly Appendage
Confirm with . or Enter, or press ? or * to list all spells.
Your feet morph into talons.
The ball python hisses angrily.
You punch the ball python!
You kill the ball python!
You see here a ration.
d - 5 rations (gained 1)
Found a stone staircase leading down.
Your transformation is almost over.
There is a stone staircase leading down here.
You climb downwards.
Found an escape hatch in the ceiling.
There is a stone staircase leading up here.
Unknown command.
There is an escape hatch in the ceiling here.
A mysterious force pulls you upwards. The hatch slams shut behind you.
The goblin shouts!
Found a scroll labeled CUINOF CEME.
Found a stone staircase leading down.
Casting: Beastly Appendage
Confirm with . or Enter, or press ? or * to list all spells.
You extend your transformation's duration.
A giant cockroach comes into view.
You hit the giant cockroach. You claw the giant cockroach.
The giant cockroach is severely wounded.
The giant cockroach bites you.
You punch the giant cockroach!
You kill the giant cockroach!
You punch the goblin!
You kill the goblin!
Your transformation is almost over.
Things that are here:
a club; a goblin corpse; a giant cockroach corpse
There is a stone staircase leading down here.
Your talons disappear.
You see here a scroll labeled CUINOF CEME.
k - a scroll labeled CUINOF CEME You open the door.
A bat and a jackal come into view.
A hobgoblin comes into view.
The bat hits you but does no damage.
There is a stone staircase leading down here.
The bat closely misses you.
You climb downwards.
Found a broad axe.
There is a stone staircase leading up here.
Unknown command.
You see here a broad axe.
l - a broad axe You open the door.
Found 17 gold pieces.
There is an open door here.
You see here 17 gold pieces.
You now have 91 gold pieces (gained 17).
There is an open door here.
Found a leather armour.
You open the door.
Found an ancient bone altar of Kikubaaqudgha.
There is an open door here.
There is an open door here.
An ogre comes into view. It is wielding a giant club.
The ogre shouts!
Casting: Beastly Appendage
Confirm with . or Enter, or press ? or * to list all spells.
You don't know that spell.
Okay, then.
Casting: Beastly Appendage
Confirm with . or Enter, or press ? or * to list all spells.
You create a snake!
You now have 11 arrows.
Casting: Sticks to Snakes
Confirm with . or Enter, or press ? or * to list all spells.
Your feet morph into talons.
Your adder bites the ogre.
The ogre is poisoned.
Your adder poisons the ogre!
Your adder bites the ogre. x2
You hit the ogre.
The ogre is moderately wounded.
The ogre hits you with a giant club!!
Ouch! That really hurt!
You die...

#.<....#......## ∆ ∆
#......#........
#......'........
#......#........
#.....##########
#########.....##......##
#.......................
#....S................[.
+.....O@................
#......##..#############
#...... ##'# 8## #######
#..##8...8 #..##.....
#..#_..... #..##.....
#..##8...8 #..# ##8##


You could see an ogre and a friendly adder.

Vanquished Creatures
  A dart slug (D:1)
  4 orcs (D:3)
  A ball python (D:3)
  2 giant cockroaches
  A goblin (D:3)
  A hobgoblin (D:1)
  A bat (D:1)
  A rat (D:1)
12 creatures vanquished.

Notes
Turn   | Place    | Note
-------+----------+-------------------------------------------
     0 | D:1      | tidbits the Gnoll Transmuter began the quest for the Orb.
     0 | D:1      | Reached XP level 1. HP: 17/17 MP: 6/6
    60 | D:1      | Reached XP level 2. HP: 18/23 MP: 5/7
    65 | D:1      | Learned a level 2 spell: Sticks to Snakes
   286 | D:4      | Found an ancient bone altar of Kikubaaqudgha.
   292 | D:4      | Noticed an ogre
   297 | D:4      | Slain by an ogre

Action                   || total
-------------------------++-------
Melee: Unarmed           ||    32
       Kick              ||     6
       Headbutt          ||     1
       Bite              ||     2
 Cast: Beastly Appendage ||    10
       Sticks to Snakes  ||     1
Armor: Robe              ||     6
Dodge: Dodged            ||    14

Table legend:
 A = Turns spent in this place as a percentage of turns spent in the entire game.
 B = Non-inter-level travel turns spent in this place as a percentage of non-inter-level travel turns spent in the entire game.
 C = Inter-level travel turns spent in this place as a percentage of turns spent in this place.
 D = Turns resting spent in this place as a percentage of non-inter-level travel turns spent in this place.
 E = Turns spent auto-exploring this place as a percentage of non-inter-level travel turns spent in this place.
 F = Non-inter-level travel turns spent in this place divided by the number of levels of this place that you've seen.
                   A       B       C       D       E      F
               +-------+-------+-------+-------+-------+----------------------
         Total | 100.0 | 100.0 |   0.0 |   0.0 |   0.0 |  74.2
       Dungeon | 100.0 | 100.0 |   0.0 |   0.0 |   0.0 |  74.2
               +-------+-------+-------+-------+-------+----------------------

Table legend:
 A = Kills in this place as a percentage of kills in entire the game.
 B = Kills by you in this place as a percentage of kills by you in the entire game.
 C = Kills by friends in this place as a percentage of kills by friends in the entire game.
 D = Other kills in this place as a percentage of other kills in the entire game.
 E = Experience gained in this place as a percentage of experience gained in the entire game.
 F = Experience gained in this place divided by the number of levels of this place that you have seen.
                   A       B       C       D       E      F
               +-------+-------+-------+-------+-------+----------------------
         Total | 100.0 | 100.0 |   N/A |   N/A | 100.0 |   7.0
       Dungeon | 100.0 | 100.0 |   N/A |   N/A | 100.0 |   7.0
               +-------+-------+-------+-------+-------+----------------------

Vault maps used:
D:1:      saegor_arrival_miasma, minmay_misc_feat_ornament, minmay_pentomino_t4
D:2:      uniq_terence, uniq_natasha
D:3:      first_ration
D:4:      nicolae_overflow_hidden_temple, lemuel_crystal_altar,
          okawaru_gym_becter, uniq_ijyb, uniq_eustachio, uniq_menkaure
